 Dungeon Crawl Stone Soup version 0.22.0-13-g43fe8f24b8 (webtiles) character file.

76 PentaManta the Sneak (level 4, 0/22 HPs)
             Began as a Spriggan Assassin on Aug 17, 2018.
             Slain by Terence
             ... wielding a +0 short sword of venom
              (3 damage)
             ... on level 2 of the Dungeon.
             The game lasted 00:08:42 (2032 turns).

PentaManta the Sneak (Spriggan Assassin)            Turns: 2032, Time: 00:08:42

Health: 0/22       AC:  4    Str:  8    XL:     4   Next: 12%
Magic:  5/5        EV: 19    Int: 12    God:
Gold:   97         SH:  0    Dex: 17    Spells: 3/3 levels left

rFire    . . .     SeeInvis +   a - +3 dagger
rCold    . . .     Gourm    .   (shield restricted)
rNeg     . . .     Faith    .   c - +0 robe
rPois    .         Spirit   .   (helmet restricted)
rElec    .         Reflect  .   d - +1 cloak
rCorr    .         Harm     .   (gloves unavailable)
MR       +....                  (boots unavailable)
Stlth    +++++.....             (no amulet)
HPRegen  0.07/turn              (no ring)
MPRegen  0.09/turn              (no ring)

@: lethally poisoned (0 -> -14), very quick
A: very small, unfitting armour, camouflage 1, see invisible, herbivore, speed
3, magic resistance 1, slow metabolism 2
a: no special abilities


You were on level 2 of the Dungeon.
You were not hungry.

You visited 1 branch of the dungeon, and saw 2 of its levels.

You collected 97 gold pieces.

Inventory:

Hand Weapons
 a - a +3 dagger (weapon)
 b - a +0 blowgun
Missiles
 e - 16 poisoned needles
 f - 2 curare-tipped needles
Armour
 c - a +0 robe (worn)
 d - a +1 cloak (worn)
Scrolls
 o - a scroll of enchant armour
Potions
 h - a potion of ambrosia {unknown}
 j - a potion of heal wounds
Comestibles
 g - 3 rations


   Skills:
 - Level 1.5 Fighting
 - Level 2.1 Short Blades
 - Level 2.0 Throwing
 + Level 4.2 Dodging
 + Level 7.3 Stealth


You had 3 spell levels left.
You didn't know any spells.
Your spell library was empty.

Dungeon Overview and Level Annotations

Branches:
Dungeon (2/15)

Altars:

Annotations:
D:2 Terence


Innate Abilities, Weirdness & Mutations

You are very small and have problems with some larger weapons.
You are too small for most types of armour.
You have supernaturally acute eyesight. (SInv)
You are a herbivore.
You cover ground extremely quickly.
You need to consume almost no food.
Your skin changes colour to match your surroundings (Stealth+).
You are resistant to hostile enchantments. (MR+)


Message History

You completely miss Terence.
Terence is almost dead.
Terence closely misses you.
You barely miss Terence.
Terence is severely wounded.
* * * LOW HITPOINT WARNING * * *
You feel sick. Terence hits you but does no damage.
You are more poisoned.
You hit Terence but do no damage.
Terence is severely wounded.
* * * LOW HITPOINT WARNING * * *
You feel sick. Terence completely misses you.
* * * LOW HITPOINT WARNING * * *
You feel sick.
You hit Terence but do no damage.
Terence is severely wounded.
* * * LOW HITPOINT WARNING * * *
You feel sick.
Terence hits you with a short sword of venom.
You die...

#.#
###..########...#####
#.#
#...................#
#.#
##.#..###.######.###.#
..#####.....###. #.[.#
..@............. #...#
..#####.....###.
####...#... ###
##)#..###.###.........#
#
#.#.....#............#
#
#.@#.##..@##.........#
#
#....#.###@............
#
#..#.##.#.#####...##.##
# #..#.....# ......#..
# #...##.#.# ######.##
# #..#......# .
#.###...### #. #....#
#.##...#..# ## #.#


You could see Terence.

Vanquished Creatures
  2 adders (D:2)
  3 dart slugs
  A leopard gecko (D:1)
  8 bats
  2 giant cockroaches (D:2)
  8 goblins
  9 hobgoblins
  A quokka (D:2)
  A ball python (D:2)
  2 frilled lizards
  4 kobolds (D:1)
  7 rats
48 creatures vanquished.

Notes
Turn   | Place    | Note
-------+----------+-------------------------------------------
     0 | D:1      | PentaManta the Spriggan Assassin began the quest for the Orb.
     0 | D:1      | Reached XP level 1. HP: 10/10 MP: 2/2
    54 | D:1      | Reached skill level 6 in Stealth
   196 | D:1      | Reached XP level 2. HP: 14/14 MP: 3/3
   599 | D:1      | Reached XP level 3. HP: 18/18 MP: 4/4
  1145 | D:2      | Reached skill level 7 in Stealth
  1266 | D:2      | Reached XP level 4. HP: 22/22 MP: 5/5
  1281 | D:2      | Noticed Terence
  1324 | D:2      | HP: 1/22 [poisoned by Terence]
  1331 | D:2      | HP: 1/33 [poisoned by Terence]
  1373 | D:2      | Gained mutation: Your skin changes colour to match your surroundings (Stealth+). [potion of mutation]
  1373 | D:2      | Gained mutation: You are resistant to hostile enchantments. (MR+) [potion of mutation]
  2032 | D:2      | Slain by Terence

Skill      XL: |  1  2  3 |
---------------+----------+-----
Stealth        | 6 7 |  7.3
Dodging        | 2 3 4 |  4.2
Fighting       | |  1.5
Short Blades   | |  2.1
Throwing       | |  2.0

Action                   |  1- 3 |  4- 6 || total
-------------------------+-------+-------++-------
Melee: Dagger            |   119 |    54 ||   173
  Use: Scroll            |       |     6 ||     6
       Potion            |       |     3 ||     3
 Stab: Sleeping          |    24 |     3 ||    27
Armor: Robe              |    19 |     4 ||    23
Dodge: Dodged            |    69 |    43 ||   112
